 Dungeon Sprint DCSS version 0.31-a0-986-g5e6e4ef867 (webtiles) character file.

Game seed: 976441610109921963

59091 sircluck the Brawler (level 14, -8/255 HPs)
             Began as a Troll Berserker on Nov 13, 2023.
             Was a High Priest of Trog.
             Mangled by a death cob (11 damage)
             ... in the Dungeon (Sprint IX: "|||||||||||||||||||||||||||||").
             The game lasted 00:14:46 (3747 turns).

sircluck the Brawler (Troll Berserker)              Turns: 3747, Time: 00:14:46

Health: -8/255     AC: 21    Str: 35    XL:     14   Next: 51%
Magic:  5/13       EV: 14    Int:  3    God:    Trog [*****.]
Gold:   1128       SH: 18    Dex:  9    Spells: 13/13 levels left

rFire   x .          .
                       - Unarmed
rCold   + + .        x - +1 tower shield {rPois}
rNeg    . . .        y - +1 ice dragon scales
rPois   +            (helmet restricted)
rElec   .            w - +1 cloak
rCorr   .            (gloves unavailable)
SInv    .            (boots unavailable)
Will    +....        (no amulet) Stlth
                     j - +3 ring of strength
HPRegen 1.42/turn    k - +2 ring of evasion
MPRegen 0.13/turn

%: no teleportation
@: berserking, slowed
A: large, unfitting armour, claws 3, regeneration 1, shaggy fur 1, tough skin 1
a: Renounce Religion, Berserk, Trog's Hand, Brothers in Arms


You were in the Dungeon.
You worshipped Trog.
Trog was extremely pleased with you.
You visited 1 branch You collected 1928 gold pieces.
You spent 800 gold pieces at shops.

Inventory:

Missiles
 m - 27 large rocks (quivered)
Armour
 w - a +1 cloak (worn)
 x - a +1 tower shield of poison resistance (worn)
 y - +1 ice dragon scales (worn)
 z - +1 fire dragon scales
Jewellery
 j - a +3 ring of strength (left claw)
 k - a +2 ring of evasion (right claw)
 s - a ring of ice
 t - a ring of willpower
 u - a ring of see invisible
 v - a ring of ice
Wands
 i - a wand of quicksilver (10)
 r - a wand of mindburst (8)
Scrolls
 l - a scroll of identify
 o - 7 scrolls of enchant weapon
 p - 6 scrolls of enchant armour
 q - a scroll of fog
 A - a scroll of fear
Potions
 a - a potion of might
 b - 6 potions of curing
 c - a potion of heal wounds
 d - a potion of haste
 e - 4 potions of magic
 f - 2 potions of berserk rage
 h - a potion of invisibility
 n - a potion of mutation


   Skills:
 + Level 18.7 Fighting
 * Level 16.9 Armour
 + Level 17.0 Dodging
 * Level 14.2 Shields
 + Level 19.7 Unarmed Combat


You had 13 spell levels left.
You didn't know any spells.
Your spell library was empty.

Dungeon Overview and Level Annotations

Branches:
Dungeon (1/1)

Altars:
Cheibriados
Dithmenos
Elyvilon
Fedhas
Gozag
Hepliaklqana
Kikubaaqudgha
Makhleb
Nemelex Xobeh
Okawaru
Qazlal
Ru
Sif Muna
Trog
Uskayaw
Vehumet
Wu Jian
Xom
Yredelemnul
Zin
The Shining One
Jiyva
Lugonu

Shops:
D ([:[


Innate Abilities, Weirdness & Mutations

You are too large for most types of armour.
You have claws for hands.
Your natural rate of healing is unusually fast.
You are covered in fur. (AC +1)
You have tough skin. (AC +1)


Message History

You mangle the death cob!!
The death cob is moderately damaged.
You block the death cob's attack.
The death cob hits you but does no damage.
Unknown command.
You claw the death cob!
The death cob is moderately damaged.
The death cob hits you!!
* * * LOW HITPOINT WARNING * * *
The death cob drains your vigour!
You feel yourself slow down. You block the death cob's attack.
Unknown command.
Unknown command.
Okay, then.
Aiming: Quicksilver Bolt
Press: ? - help, Q - select action, (/) - cycle Shift-Dir - straight line, f - death cob
Aim: a death cob (moderately damaged, 53% to hit)
Okay, then.
Unknown command.
A red film seems to cover your vision as you go berserk!
You feel yourself moving faster!
You feel mighty! The death cob hits you!
* * * LOW HITPOINT WARNING * * *
The death cob misses you. You block the death cob's attack.
You eviscerate the death cob!!!
The death cob is severely damaged.
You block the death cob's attack. The death cob hits you!
* * * LOW HITPOINT WARNING * * *
The death cob drains your vigour!
You feel as though you will be slow longer.
Unknown command.
Unknown command.
You claw the death cob!
The death cob is almost destroyed.
You block the death cob's attack. The death cob hits you!
* * * LOW HITPOINT WARNING * * *
Unknown command.
You claw the death cob!
The death cob is almost destroyed.
The death cob hits you!
You die...

▓)▓.▓.▓.▓)▓.▓)▓.▓.
▓.▓.▓.▓.▓)▓.▓)▓.▓.
▓)▓.▓.▓.▓)▓.▓)▓.▓.
▓)▓.▓.▓.▓)▓.▓)▓.▓.
▓)▓.▓†▓.▓)▓.▓)▓.▓.
▓M▓.▓)▓.▓.▓)▓)▓)▓:
▓.▓.▓.▓.▓.▓.▓)▓.▓(
▓z▓.▓.▓.▓.▓.▓.▓.▓.
▓@▓.▓.▓.▓)▓.▓.▓.▓!
▓.▓.▓.▓.▓.▓.▓.▓.▓.
▓.▓.▓.▓.▓'▓.▓.▓.▓.
▓.▓)▓.▓.▓.▓.▓.▓)▓.
▓.▓[▓.▓.▓.▓.▓.▓.▓'
▓)▓†▓.▓.▓.▓.▓)▓)▓.
▓.▓.▓.▓.▓.▓.▓)▓.▓.
▓.▓.▓.▓.▓.▓.▓)▓.▓.
▓.▓.▓.▓.▓.▓.▓)▓.▓.


You could see a death cob and a guardian mummy (strong).

Vanquished Creatures
  A quicksilver dragon (D)
  A shadow dragon (D)
  An emperor scorpion (D)
  2 fire giants (D)
  A vault warden (D)
  An ironbound preserver (D)
  6 stone giants (D)
  An orc warlord (D)
  An ettin (D)
  3 fire dragons (D)
  Erolcha (D)
  A rakshasa (D)
  A hydra (D)
  An ice dragon (D)
  A merfolk avatar (D)
  2 centaur warriors (D)
  A boulder beetle (D)
  4 tengu warriors (D)
  A vampire mage (D)
  A naga sharpshooter (D)
  2 shock serpents (D)
  A demonic crawler (D)
  An orc high priest (D)
  2 spriggan berserkers (D)
  2 swamp dragons (D)
  An orb spider (D)
  A glowing orange brain (D)
  2 steelbarb worms (D)
  10 orc knights (D)
  2 ugly things (D)
  A guardian serpent (shapeshifter) (D)
  A black mamba (D)
  5 cane toads (D)
  2 rime drakes (D)
  3 komodo dragons (D)
  A yaktaur (D)
  A tengu conjurer (D)
  A freezing wraith (D)
  A tyrant leech (D)
  2 trolls (D)
  A tarantella (D)
  2 blink frogs (D)
  A culicivora (D)
  A wraith (D)
  2 yaks (D)
  A basilisk (D)
  A fire elemental (D)
  3 redbacks (D)
  2 vampire mosquitoes (D)
  5 water moccasins (D)
  3 hell hounds (D)
  12 orc warriors (D)
  A black bear (D)
  A wolf (D)
  A centaur (D)
  A kobold brigand (D)
  A howler monkey (D)
  2 orc priests (D)
  7 orc wizards (D)
  A shadow imp (D)
  6 orcs (D)
  A bat (D)
  An endoplasm (D)
  A giant cockroach (D)
  A goblin (D)
  A kobold (D)
134 creatures vanquished.

Vanquished Creatures (collateral kills)
  A thorn hunter (D)
  A vampire knight (D)
  Azrael (D)
  2 bunyips (D)
  A fire dragon (D)
  A merfolk javelineer (D)
  A shambling mangrove (D)
  A rakshasa (D)
  An ice dragon (D)
  A catoblepas (D)
  A hydra (D)
  A centaur warrior (D)
  A naga sharpshooter (D)
  2 shock serpents (D)
  A salamander mystic (D)
  A goliath frog (D)
  2 spriggan druids (D)
  2 sea snakes (D)
  A lindwurm (D)
  A cyclops (D)
  A manticore (D)
  A guardian serpent (D)
  An elephant (D)
  A black mamba (D)
  A torpor snail (D)
  A gargoyle (D)
  A merfolk (D)
  A snapping turtle (D)
  A fire elemental (D)
33 creatures vanquished.

Vanquished Creatures (others)
  A bloated husk (D)
1 creature vanquished.

Grand Total: 168 creatures vanquished

Notes
Turn   | Place    | Note
-------+----------+-------------------------------------------
     0 | D        | sircluck the Troll Berserker began the quest for the Orb.
     0 | D        | Reached XP level 1. HP: 22/22 MP: 0/0
    13 | D        | Reached ** piety under Trog
    23 | D        | Noticed a black bear
    23 | D        | Noticed a water moccasin
    23 | D        | Noticed a howler monkey
    23 | D        | Noticed a centaur
    27 | D        | Killed a centaur
    28 | D        | Reached skill level 5 in Unarmed Combat
    28 | D        | Reached XP level 2. HP: 33/33 MP: 1/1
    28 | D        | Reached XP level 3. HP: 40/40 MP: 2/2
    28 | D        | Reached XP level 4. HP: 49/49 MP: 3/3
    31 | D        | Reached *** piety under Trog
    32 | D        | Reached skill level 5 in Fighting
    32 | D        | Reached skill level 5 in Dodging
    32 | D        | Reached skill level 6 in Unarmed Combat
    33 | D        | Killed a water moccasin
    34 | D        | Reached skill level 7 in Unarmed Combat
    34 | D        | Reached XP level 5. HP: 47/59 MP: 4/4
    38 | D        | Killed a black bear
    39 | D        | Reached skill level 8 in Unarmed Combat
    39 | D        | Reached XP level 6. HP: 43/68 MP: 5/5
    47 | D        | Found a snail-covered altar of Cheibriados.
    47 | D        | Found a shadowy altar of Dithmenos.
    47 | D        | Found a white marble altar of Elyvilon.
    47 | D        | Found a blossoming altar of Fedhas.
    47 | D        | Found an opulent altar of Gozag.
    48 | D        | Found a hazy altar of Hepliaklqana.
    49 | D        | Found a viscous altar of Jiyva.
    50 | D        | Found an ancient bone altar of Kikubaaqudgha.
    51 | D        | Found a corrupted altar of Lugonu.
    52 | D        | Found a burning altar of Makhleb.
    53 | D        | Found a sparkling altar of Nemelex Xobeh.
    54 | D        | Found an iron altar of Okawaru.
    55 | D        | Found a stormy altar of Qazlal.
    56 | D        | Found a sacrificial altar of Ru.
    57 | D        | Found a shimmering blue altar of Sif Muna.
    58 | D        | Found a bloodstained altar of Trog.
    59 | D        | Found a hide-covered altar of Uskayaw.
    60 | D        | Found a radiant altar of Vehumet.
    61 | D        | Found an ornate altar of the Wu Jian Council.
    62 | D        | Found a shimmering altar of Xom.
    63 | D        | Found a basalt altar of Yredelemnul.
    64 | D        | Found a glowing silver altar of Zin.
    65 | D        | Found a glowing golden altar of the Shining One.
   103 | D        | Noticed a troll
   103 | D        | Noticed a yak
   103 | D        | Noticed a yak
   103 | D        | Noticed a troll
   106 | D        | Killed a troll
   106 | D        | Reached **** piety under Trog
   107 | D        | Reached skill level 9 in Unarmed Combat
   107 | D        | Reached XP level 7. HP: 79/79 MP: 6/6
   111 | D        | Killed a yak
   123 | D        | Killed a yak
   123 | D        | Reached ***** piety under Trog
   124 | D        | Reached skill level 10 in Unarmed Combat
   132 | D        | Killed a troll
   133 | D        | Reached XP level 8. HP: 28/92 MP: 7/7
   181 | D        | Noticed a cyclops
   181 | D        | Noticed a centaur warrior
   181 | D        | Noticed a six-headed hydra
   181 | D        | Noticed a gargoyle
   181 | D        | Noticed a tengu conjurer
   186 | D        | Reached skill level 1 in Armour
   186 | D        | Reached skill level 11 in Unarmed Combat
   193 | D        | HP: 6/138 [nine-headed hydra (10)]
   194 | D        | Killed a ten-headed hydra
   195 | D        | Reached skill level 10 in Fighting
   195 | D        | Killed a tengu conjurer
   195 | D        | Received a gift from Trog
   196 | D        | Reached skill level 10 in Dodging
   196 | D        | Reached XP level 9. HP: 8/101 MP: 8/8
   207 | D        | Killed a centaur warrior
   208 | D        | Reached skill level 5 in Armour
   208 | D        | Reached skill level 12 in Unarmed Combat
   211 | D        | Killed a gargoyle
   217 | D        | Killed a cyclops
   418 | D        | Noticed a rime drake
   418 | D        | Noticed a komodo dragon
   418 | D        | Noticed a komodo dragon
   418 | D        | Noticed a komodo dragon
   421 | D        | Killed a komodo dragon
   422 | D        | Reached skill level 13 in Unarmed Combat
   427 | D        | Killed a komodo dragon
   428 | D        | Reached XP level 10. HP: 114/114 MP: 9/9
   431 | D        | Noticed a black mamba
   440 | D        | Received a gift from Trog
   446 | D        | Killed a black mamba
   487 | D        | Noticed a lindwurm
   487 | D        | Noticed a cane toad
   487 | D        | Noticed a cane toad
   489 | D        | Noticed a catoblepas
   490 | D        | Noticed an elephant
   495 | D        | Killed a cane toad
   496 | D        | Reached skill level 14 in Unarmed Combat
   502 | D        | Killed a cane toad
   507 | D        | Noticed a torpor snail
   526 | D        | Killed a lindwurm
   528 | D        | Killed a catoblepas
   529 | D        | Killed an elephant
   529 | D        | Received a gift from Trog
   531 | D        | Killed a torpor snail
   532 | D        | Reached XP level 11. HP: 40/124 MP: 10/10
   639 | D        | Received a gift from Trog
   640 | D        | Reached skill level 15 in Unarmed Combat
   733 | D        | Noticed Erolcha
   739 | D        | Killed Erolcha
   821 | D        | Noticed a stone giant
   824 | D        | Reached ****** piety under Trog
   832 | D        | Killed a stone giant
   832 | D        | Received a gift from Trog
   847 | D        | Received a gift from Trog
   884 | D        | Noticed an orc knight
   884 | D        | Noticed an orc high priest
   885 | D        | Noticed an orc knight
   892 | D        | Killed an orc high priest
   893 | D        | Reached skill level 10 in Armour
   935 | D        | Killed an orc knight
   935 | D        | Received a gift from Trog
  1017 | D        | Killed an orc knight
  1025 | D        | Reached skill level 16 in Unarmed Combat
  1094 | D        | Received a gift from Trog
  1110 | D        | Noticed an orc knight
  1122 | D        | Killed an orc knight
  1148 | D        | Found Une Qecs's Antique Armour Boutique.
  1148 | D        | Noticed an orc knight
  1148 | D        | Noticed an orc knight
  1148 | D        | Noticed an orc knight
  1149 | D        | Noticed an orc knight
  1151 | D        | Killed an orc knight
  1156 | D        | Noticed an orc knight
  1159 | D        | Killed an orc knight
  1163 | D        | Killed an orc knight
  1163 | D        | Received a gift from Trog
  1235 | D        | Killed an orc knight
  1249 | D        | Killed an orc knight
  1250 | D        | Reached XP level 12. HP: 25/139 MP: 11/11
  1423 | D        | Found Vinweb's Book Shop.
  1427 | D        | Found Conaor's Armour Boutique.
  1431 | D        | Found Asial's Weapon Shop.
  1461 | D        | Received a gift from Trog
  1504 | D        | Bought a manual of Fighting for 800 gold pieces
  1688 | D        | Noticed a tengu warrior
  1688 | D        | Noticed a centaur warrior
  1688 | D        | Noticed a tengu warrior
  1691 | D        | Killed a tengu warrior
  1692 | D        | Reached skill level 1 in Shields
  1696 | D        | Noticed a boulder beetle
  1700 | D        | Killed a centaur warrior
  1701 | D        | Noticed a tengu warrior
  1704 | D        | Noticed a stone giant
  1705 | D        | Reached skill level 17 in Unarmed Combat
  1714 | D        | Received a gift from Trog
  1714 | D        | Noticed a fire giant
  1719 | D        | Killed a tengu warrior
  1724 | D        | Noticed a fire dragon
  1727 | D        | Killed a stone giant
  1728 | D        | Reached skill level 15 in Fighting
  1743 | D        | Killed a boulder beetle
  1744 | D        | Reached skill level 5 in Shields
  1797 | D        | HP: 7/141 [fire giant/fireball (27)]
  1798 | D        | HP: 1/141 [fire giant/+0 great sword of flaming (3)]
  1799 | D        | Killed a fire giant
  1936 | D        | Killed a tengu warrior
  1941 | D        | Killed a fire dragon
  2026 | D        | Noticed a stone giant
  2027 | D        | Noticed a fire dragon
  2035 | D        | Killed a stone giant
  2043 | D        | Killed a fire dragon
  2044 | D        | Reached skill level 15 in Dodging
  2125 | D        | Received a gift from Trog
  2129 | D        | Noticed Azrael
  2140 | D        | Killed Azrael
  2846 | D        | Reached XP level 13. HP: 152/152 MP: 12/12
  2857 | D        | Received a gift from Trog
  2867 | D        | Noticed an emperor scorpion
  2880 | D        | Killed an emperor scorpion
  2948 | D        | Received a gift from Trog
  2949 | D        | Reached skill level 18 in Unarmed Combat
  2957 | D        | Received a gift from Trog
  3023 | D        | Noticed a bunyip
  3025 | D        | Noticed a bunyip
  3033 | D        | Reached skill level 10 in Shields
  3033 | D        | Received a gift from Trog
  3035 | D        | Noticed a thorn hunter
  3036 | D        | Killed a bunyip
  3041 | D        | Killed a bunyip
  3047 | D        | Killed a thorn hunter
  3085 | D        | Received a gift from Trog
  3087 | D        | Noticed a merfolk javelineer
  3103 | D        | Reached skill level 15 in Armour
  3109 | D        | Killed a merfolk javelineer
  3240 | D        | Received a gift from Trog
  3381 | D        | Noticed a stone giant
  3381 | D        | Noticed a fire dragon
  3385 | D        | Killed a fire dragon
  3394 | D        | Noticed a shadow dragon
  3396 | D        | Killed a stone giant
  3397 | D        | Reached XP level 14. HP: 169/169 MP: 13/13
  3409 | D        | Received a gift from Trog
  3410 | D        | Reached skill level 19 in Unarmed Combat
  3415 | D        | Noticed a fire giant
  3420 | D        | Killed a shadow dragon
  3428 | D        | Killed a fire giant
  3581 | D        | Noticed a quicksilver dragon
  3595 | D        | Killed a quicksilver dragon
  3660 | D        | Noticed a stone giant
  3661 | D        | Noticed a stone giant
  3667 | D        | Killed a stone giant
  3672 | D        | Killed a stone giant
  3693 | D        | Noticed an ironbound preserver
  3693 | D        | Noticed an orc warlord
  3693 | D        | Noticed a vault warden
  3700 | D        | Killed a vault warden
  3711 | D        | Noticed a vampire knight
  3714 | D        | Killed an orc warlord
  3714 | D        | Identified the +12 great sword of the Ass {antimagic, Will+
                  | Str+4} (Trog gifted it to you in the Dungeon)
  3714 | D        | Received a gift from Trog
  3717 | D        | Killed an ironbound preserver
  3736 | D        | Noticed a death cob
  3736 | D        | Killed a vampire knight
  3746 | D        | HP: 2/255 [death cob (14)]
  3747 | D        | Mangled by a death cob

Illustrated notes

Levels and vault maps discovered:
D:        linesprint [early_d, line_temple, items_1, d_10, items_2, lair_1,
          lair_end, items_3, orc_1, orc_end, items_4, d_15, swamp_1, shoals_1,
          snake_1, spider_1, d_20, vaults_1, items_5, swamp_end, shoals_end,
          snake_end, spider_end, vaults_end, d_27, items_6, zot_1, zot_end,
          crypt_end, forest_end, elf_end, slime_end, tomb_end, abyss_end,
          pan_hell_end]

Skill      XL: |  1  2  3  4  5  6  7  8  9 10 11 12 13 14 |
---------------+-------------------------------------------+-----
Fighting       | 4 6 7 9 10 11 12 14 15 18 | 18.7
Dodging        | 4 6 7 9 10 11 12 14 15 16 17 | 17.0
Unarmed Combat | 5 7 8 9 10 11 13 14 16 17 18 19 | 19.7
Armour         | 4 6 8 11 13 15 16 | 16.9
Shields        | 7 12 14 | 14.2

Action                     |  1- 3 |  4- 6 |  7- 9 | 10-12 | 13-15 || total
---------------------------+-------+-------+-------+-------+-------++-------
  Melee: Unarmed           |    17 |    13 |    44 |   285 |   153 ||   512
         Punch             |       |       |     7 |    13 |       ||    20
  Throw: Large rock        |       |       |       |       |     1 ||     1
 Invoke: Berserk           |       |     1 |     2 |       |     3 ||     6
         Brothers in Arms  |       |       |     1 |     2 |    11 ||    14
         Trog's Hand       |       |       |       |       |     1 ||     1
    Use: Potion            |       |       |     1 |     3 |     2 ||     6
         Scroll            |       |       |     1 |     1 |     1 ||     3
   Stab: Petrifying        |       |       |       |     1 |       ||     1
 Armour: Animal skin       |    14 |    10 |    37 |    84 |       ||   145
         Ice dragon scales |       |       |       |    65 |   111 ||   176
         Skin              |       |       |       |     4 |       ||     4
         Fire dragon scale |       |       |       |       |    33 ||    33
  Dodge: Dodged            |     8 |     7 |    21 |   109 |    49 ||   194
  Block: Tower shield      |       |       |       |    46 |    90 ||   136

Table legend: (Time is in decaauts)
 A = Elapsed time spent in this place.
 B = Non-inter-level travel time spent in this place.
 C = Inter-level travel time spent in this place.
 D = Time resting spent in this place.
 E = Time spent auto-exploring this place.
 F = Levels seen in this place.
 G = Mean time per level.
                   A        B        C        D        E       F      G
               +--------+--------+--------+--------+--------+-----+--------+
         Total |   3688 |   3688 |      0 |    715 |   1069 |   1 | 3688.0 |
       Dungeon |   3688 |   3688 |      0 |    715 |   1069 |   1 | 3688.0 |
               +--------+--------+--------+--------+--------+-----+--------+

Top non-repeatable levels by time:
       D: 3688 daAuts
